 Dungeon Crawl Stone Soup version 0.21.0-37-g46506fa (webtiles) character file.

117925 komo4ek the Eclecticist (level 16, -9/122 HPs)
             Began as a Barachi Summoner on Jan 31, 2018.
             Was a High Priest of Sif Muna.
             Mangled by a spark wasp (17 damage)
             ... on level 4 of the Spider Nest on Feb 1, 2018.
             The game lasted 04:05:08 (40507 turns).

komo4ek the Eclecticist (Barachi Summoner)         Turns: 40507, Time: 04:05:09

Health: -9/122     AC: 12    Str: 15      XL:     16   Next: 40%
Magic:  38/45      EV: 17    Int: 25 (26) God:    Sif Muna [*****.]
Gold:   1318       SH:  6    Dex: 12      Spells: 3/47 levels left

rFire    . . .     SeeInvis .   E - +11 long sword "Ijenk" {freeze, rN+ Int+4}
rCold    + . .     Gourm    .   J - +0 buckler (curse)
rNeg     + + .     Faith    .   Q - +1 robe "Damnable Contraption" {Regen+ MP+9}
rPois    .         Spirit   .   j - +0 helmet
rElec    .         Reflect  .   u - +2 cloak
rCorr    +         Harm     .   x - +2 pair of gloves
MR       +....                  (no boots)
Stlth    ++........             L - amulet of magic regeneration
HPRegen  0.70/turn              z - ring of Veschoru {rC+ rN+ Str+4}
MPRegen  0.54/turn              V - ring of resist corrosion

@: very slightly contaminated, invisible, divine energy, slow
A: +LOS, swims, slowness 1, strong legs 2
}: 1/15 runes: decaying
a: Hop, Stop Divine Energy, Channel Magic, Forget Spell, Renounce Religion


You were on level 4 of the Spider Nest.
You worshipped Sif Muna.
Sif Muna was extremely pleased with you.
You were hungry.

You visited 6 branches of the dungeon, and saw 32 of its levels.
You also visited: Sewer and Bailey.

You collected 2651 gold pieces.
You spent 1333 gold pieces at shops.

Inventory:

Hand Weapons
 E - the +11 long sword "Ijenk" (weapon) {freeze, rN+ Int+4}
   (You found it on level 3 of the Lair of Beasts)

   It has been specially enchanted to freeze those struck by it, causing extra
   injury to most foes and up to half again as much damage against particularly
   susceptible opponents.
   It can also slow down cold-blooded creatures.
   It affects your intelligence (+4).
   It protects you from negative energy.
Armour
 j - a +0 helmet (worn)
 u - a +2 cloak (worn)
 x - a +2 pair of gloves (worn)
 J - a cursed +0 buckler (worn)
 Q - the +1 robe "Damnable Contraption" (worn) {Regen+ MP+9}
   (You found it on level 15 of the Dungeon)

   It affects your magic capacity (+9).
   It increases your rate of regeneration.
 X - the +5 robe of Night {Dark MR+ SInv}
   (You found it on level 6 of the Lair of Beasts)

   It affects your resistance to hostile enchantments.
   It lets you see invisible.
 Z - a +2 robe of magic resistance
Magical Staves
 T - an uncursed staff of power
Jewellery
 z - the ring of Veschoru (left hand) {rC+ rN+ Str+4}
   (You bought it in a shop on level 2 of the Orcish Mines)

   [ring of positive energy]

   It affects your strength (+4).
   It protects you from cold.
   It protects you from negative energy.
 L - an amulet of magic regeneration (around neck)
 U - an uncursed ring of see invisible
 V - a ring of resist corrosion (right hand)
 W - an uncursed ring of protection from cold
Wands
 i - a wand of acid (4)
 k - a wand of disintegration (10)
 v - a wand of iceblast (13)
 M - a wand of paralysis (3)
 P - a wand of clouds (8)
 S - a wand of random effects (47)
Scrolls
 d - 5 scrolls of teleportation
 e - 8 scrolls of identify
 f - 7 scrolls of amnesia
 g - 3 scrolls of immolation
 h - 6 scrolls of blinking
 l - 3 scrolls of vulnerability
 r - 7 scrolls of enchant weapon
 s - 3 scrolls of fear
 w - 6 scrolls of magic mapping
 y - 5 scrolls of fog
 D - 13 scrolls of remove curse
Potions
 a - 2 potions of ambrosia
 m - 4 potions of haste
 n - 3 potions of agility
 p - 6 potions of flight
 q - 7 potions of curing
 A - 3 potions of brilliance
 B - 8 potions of might
 C - 5 potions of magic
 G - a potion of mutation
 H - 4 potions of lignification
 I - a potion of resistance
 K - 3 potions of invisibility
Books
 b - Sif Muna's Reference Book on Supportive Attacks
   (Sif Muna gifted it to you on level 2 of the Orcish Mines)

   Spells                             Type                      Level
   a - Static Discharge               Conjuration/Air              3
   b - Call Canine Familiar           Summoning                    3
   c - Summon Mana Viper              Hexes/Summoning              5
   d - Summon Demon                   Summoning                    5
   e - Malign Gateway                 Summoning/Translocation      7
   f - Summon Hydra                   Summoning                    7
 o - a book of Beasts

   Spells                             Type                      Level
   a - Summon Butterflies             Summoning                    1
   b - Call Canine Familiar           Summoning                    3
   c - Summon Ice Beast               Ice/Summoning                4
   d - Summon Mana Viper              Hexes/Summoning              5
   e - Summon Hydra                   Summoning                    7
 t - a book of Summonings

   Spells                             Type                      Level
   a - Recall                         Summoning/Translocation      3
   b - Aura of Abjuration             Summoning                    5
   c - Summon Demon                   Summoning                    5
   d - Summon Forest                  Summoning/Translocation      5
   e - Summon Mana Viper              Hexes/Summoning              5
   f - Shadow Creatures               Summoning                    6
 R - Sif Muna's Compendium of Shape Shifting and Weightlessness
   (Sif Muna gifted it to you on level 1 of the Swamp)

   Spells                             Type                      Level
   a - Shock                          Conjuration/Air              1
   b - Poisonous Vapours              Poison/Air                   2
   c - Ignite Poison                  Fire/Transmutation/Poison    3
   d - Alistair's Intoxication        Transmutation/Poison         5
   e - Deflect Missiles               Charms/Air                   6
   f - Dragon Form                    Transmutation                7
Miscellaneous
 N - a fan of gales
 O - a phantom mirror
Comestibles
 c - 32 rations


   Skills:
 - Level 10.0 Fighting
 - Level 10.0 Armour
 - Level 10.0 Dodging
 - Level 1.7 Stealth
 + Level 8.6 Shields
 + Level 16.4 Spellcasting
 - Level 4.0 Conjurations
 - Level 15.2 Summonings
 - Level 10.0 Invocations


You had 3 spell levels left.
You knew the following spells:

 Your Spells              Type           Power        Failure   Level  Hunger
a - Summon Demon          Summ           #######...   1%          5    None
b - Call Canine Familiar  Summ           #######.     0%          3    None
c - Summon Lightning Spi  Summ/Air       ######..     1%          4    None
d - Summon Ice Beast      Ice/Summ       ######..     1%          4    None
e - Conjure Flame         Conj/Fire      ####....     3%          3    None
f - Monstrous Menagerie   Summ           #######...   4%          7    #####..
g - Summon Hydra          Summ           #######...   4%          7    #####..
h - Shadow Creatures      Summ           N/A          1%          6    ####...
i - Summon Forest         Summ/Tloc      ######....   3%          5    None


Dungeon Overview and Level Annotations

Branches:
Dungeon (15/15)            Temple (1/1) D:6            Lair (6/6) D:11
  Swamp (4/4) Lair:4       Spider (4/4) Lair:2        Slime (0/5) Lair:5
    Orc (2/2) D:12            Elf (0/3) Orc:2        Vaults (0/5) D:13
 Depths (0/5) D:15

Altars:
Ashenzari
Cheibriados
Dithmenos
Elyvilon
Fedhas
Gozag
Hepliaklqana
Kikubaaqudgha
Makhleb
Nemelex Xobeh
Okawaru
Qazlal
Ru
Sif Muna
Trog
Uskayaw
Vehumet
Wu Jian
Xom
Yredelemnul
Zin
The Shining One
Beogh

Shops:
D:5 %   D:6 (*}   D:14 =   Orc:2 [?=!:

Portals:
Trove: D:12 (give 14 potions of curing)

Annotations:
D:6 exclusion: oklob plant
D:8 2 transporters
Swamp:1 Quirk's ghost, adept GnFi
Swamp:4 Nikola


Innate Abilities, Weirdness & Mutations

Shadows flee at your approach. (+LOS)
You can swim through water.
You cover ground slowly.
You can hop long distances.


Message History

* * * LOW HITPOINT WARNING * * *
The demonic crawler is engulfed in blazing flames.
The demonic crawler hits your lightning spire.
The demonic crawler hits your lightning spire but does no damage.
The demonic crawler hits your lightning spire.
The spark wasp is engulfed in blazing flames.
The spark wasp closely misses you.
You riposte.
You hit the spark wasp. You freeze the spark wasp.
The spark wasp is moderately wounded.
The demonic crawler is engulfed in blazing flames.
The demonic crawler hits your lightning spire.
The demonic crawler hits your lightning spire!
The demonic crawler hits your lightning spire but does no damage.
You hear an angry hiss.
You are very lightly contaminated with residual magic.
The spark wasp is engulfed in blazing flames.
The spark wasp stings you.
* * * LOW HITPOINT WARNING * * *
The spark wasp shocks you!
You die...

####
...##
###s...##
#.8y§...#
#.@# ####


You could see a spark wasp, a demonic crawler and a friendly lightning spire.

Vanquished Creatures
  A ghost moth (Spider:2)
  A two-headed ogre (D:13)
  A death yak (Lair:6)
  3 wolf spiders
  An ugly thing (D:12)
  An orb spider (Lair:2)
  Psyche (D:10)
  2 spiny frogs
  A torpor snail (Spider:3)
  A komodo dragon (Lair:2)
  A demonic crawler (Spider:3)
  A hornet (Swamp:3)
  A troll (D:11)
  A jumping spider (Spider:2)
  A tyrant leech (Swamp:2)
  A hippogriff (D:13)
  A dream sheep (D:8)
  A blink frog (Lair:4)
  2 redbacks
  A wyvern (D:15)
  2 tarantellas
  10 yaks
  A centaur simulacrum (D:15)
  A basilisk (Lair:2)
  A soldier ant (Spider:1)
  A swamp worm (Swamp:2)
  8 water moccasins
  A porcupine (Lair:2)
  An ice beast (D:10)
  An orc warrior (D:11)
  A swamp drake (Swamp:2)
  2 centaurs (D:12)
  3 crocodiles
  A big kobold (D:8)
  4 bullfrogs
  A scorpion (D:10)
  3 killer bees (Lair:5)
  2 howler monkeys
  A bullfrog zombie (D:6)
  2 centaur zombies (D:11)
  2 crimson imps
  A hound (D:11)
  A bullfrog skeleton (D:7)
  2 orc priests (D:11)
  3 jellies
  Crazy Yiuf (D:2)
  An iguana (D:8)
  4 worker ants
  A howler monkey zombie (D:2)
  A worker ant zombie (D:10)
  3 gnolls
  4 river rats (Sewer)
  7 adders
  3 shadow imps
  An ooze (Sewer)
  2 worms
  An adder skeleton (D:4)
  2 dart slugs
  4 leopard geckos
  6 orcs
  4 giant cockroaches
  3 hobgoblins
  A jackal (D:3)
  3 kobolds
  A quokka (D:11)
  7 ball pythons
  6 bats
  A frilled lizard (D:1)
  3 goblins
  20 rats
170 creatures vanquished.

Vanquished Creatures (collateral kills)
  Mara (Swamp:4)
  A tentacled monstrosity (Swamp:3)
  Gastronok (D:10)
  A thorn hunter (Swamp:2)
  An emperor scorpion (Spider:2)
  An orc warlord (Orc:2)
  The ghost of tidbits the Thaumaturge, a journeyman GnEE of Cheibriados (Swamp:2)
  3 entropy weavers (Spider:1)
  2 fire dragons (D:15)
  Fannar (D:10)
  Erolcha (D:10)
  Harold (D:10)
  Josephine (Lair:6)
  22 hydras
  A ghost crab (Swamp:3)
  3 catoblepae (Lair:6)
  8 alligators
  Erica (D:8)
  13 two-headed ogres
  12 death yaks
  5 centaur warriors
  2 ogre magi (Orc:2)
  A queen ant (Spider:1)
  A tengu warrior (D:15)
  Nergalle (D:11)
  2 deep trolls (Orc:2)
  3 spriggan druids
  3 unseen horrors
  A sea snake (shapeshifter) (D:14)
  2 wizards (D:13)
  4 shambling mangroves
  An orc knight (Orc:2)
  15 swamp dragons
  A wolf spider zombie (D:13)
  7 orb spiders
  5 manticores
  2 orc sorcerers
  4 cyclopes
  An oklob plant (Lair:1)
  13 wolf spiders
  7 ugly things
  A salamander (Lair:1)
  Joseph (D:8)
  A moth of wrath (Spider:2)
  Maurice (D:8)
  4 black mambas
  A centaur zombie (D:14)
  3 gargoyles
  A torpor snail (Lair:6)
  20 spiny frogs
  6 komodo dragons
  A yaktaur (shapeshifter) (D:15)
  2 centaur skeletons
  2 rime drakes (D:14)
  4 demonic crawlers
  12 trolls
  6 meliai
  24 jumping spiders
  A polar bear (Lair:5)
  A queen bee (Lair:5)
  6 tyrant leeches
  19 blink frogs
  12 hornets
  10 bog bodies
  6 slime creatures
  A dream sheep (D:8)
  2 spriggans
  9 hippogriffs
  A vampire (D:14)
  28 tarantellas
  10 wyverns
  2 water elementals (D:14)
  52 redbacks
  5 wraiths (Lair:6)
  4 shadows
  75 yaks
  5 basilisks
  2 hungry ghosts (D:13)
  7 vampire mosquitoes
  A steam dragon (D:13)
  3 wargs
  10 insubstantial wisps
  24 swamp worms
  7 water moccasins
  25 soldier ants (Spider:1)
  A hell hound (D:14)
  4 porcupines
  4 sky beasts
  15 swamp drakes
  26 orc warriors
  4 ice beasts
  A necrophage (D:9)
  2 phantoms
  21 ogres
  16 centaurs
  6 crocodiles
  3 big kobolds
  15 bullfrogs
  A gnoll sergeant (D:11)
  3 scorpions
  23 killer bees
  7 wights
  4 electric eels (D:14)
  4 howler monkeys
  A jelly (D:6)
  8 crimson imps
  3 hounds
  18 orc priests
  16 orc wizards
  A gnoll shaman (D:9)
  An iron imp (D:5)
  Jessica (D:2)
  3 iguanas
  22 worker ants
  A hound skeleton (D:7)
  A howler monkey zombie (D:8)
  14 gnolls
  15 adders
  2 shadow imps (D:13)
  3 oozes
  15 worms
  A dart slug (D:1)
  A leopard gecko (D:6)
  51 orcs
  7 bats
  5 giant cockroaches
  15 goblins
  6 hobgoblins
  2 jackals (D:3)
  24 kobolds
  A quokka (D:8)
  8 ball pythons
  8 frilled lizards
  A quokka skeleton (D:5)
  13 rats
  4 fungi
  A plant (Lair:6)
1008 creatures vanquished.

Vanquished Creatures (others)
  An alligator (Swamp:3)
  A spriggan druid (Swamp:4)
  A wolf spider (Spider:3)
  A jumping spider (Spider:3)
  A sky beast (D:11)
  A killer bee (D:13)
  A bush (Lair:2)
  A fire vortex (Lair:1)
  11 fungi
  21 plants
  A snaplasher vine (Spider:3)
41 creatures vanquished.

Grand Total: 1219 creatures vanquished

Notes
Turn   | Place    | Note
-------+----------+-------------------------------------------
     0 | D:1      | komo4ek the Barachi Summoner began the quest for the Orb.
     0 | D:1      | Reached XP level 1. HP: 13/13 MP: 3/3
    98 | D:1      | Reached skill level 5 in Summonings
   520 | D:1      | Reached XP level 2. HP: 15/19 MP: 0/5
  1060 | D:1      | Reached XP level 3. HP: 24/24 MP: 6/6
  1111 | D:1      | Learned a level 3 spell: Call Canine Familiar
  1751 | D:2      | Reached XP level 4. HP: 25/30 MP: 1/7
  2395 | D:2      | Found a runed door.
  2399 | D:2      | Noticed Crazy Yiuf
  2412 | D:2      | Killed Crazy Yiuf
  2745 | D:2      | Reached XP level 5. HP: 35/35 MP: 4/8
  2747 | D:2      | Noticed Jessica
  2754 | D:2      | Killed Jessica
  3529 | D:3      | Found a glowing drain.
  3621 | Sewer    | Entered a sewer
  3844 | Sewer    | Reached XP level 6. HP: 25/41 MP: 9/9
  4741 | D:3      | Found a glowing golden altar of the Shining One.
  4742 | D:3      | Noticed an angel
  4755 | D:3      | Found a basalt altar of Yredelemnul.
  4756 | D:3      | Noticed a profane servitor
  4934 | D:4      | Reached XP level 7. HP: 34/46 MP: 10/10
  5191 | D:4      | Reached skill level 10 in Summonings
  5429 | D:5      | Entered Level 5 of the Dungeon
  5600 | D:5      | Found a snail-covered altar of Cheibriados.
  6655 | D:5      | Found Wout Kiu's Food Shop.
  6909 | D:6      | Found Qotetih's Weapon Boutique.
  6962 | D:6      | Reached XP level 8. HP: 32/52 MP: 5/11
  6974 | D:6      | Found Raruts's Assorted Antiques.
  6991 | D:6      | Found a staircase to the Ecumenical Temple.
  6996 | D:6      | Found Yntan's Gadget Shoppe.
  7002 | Temple   | Entered the Ecumenical Temple
  7030 | Temple   | Became a worshipper of Sif Muna the Loreminder
  7412 | D:6      | Found a sparkling altar of Nemelex Xobeh.
  7412 | D:6      | Found a bloodstained altar of Trog.
  7493 | D:6      | Found a blossoming altar of Fedhas.
  7509 | D:6      | Noticed an oklob plant
  8186 | D:7      | Noticed a yak
  8230 | D:7      | Reached skill level 3 in Spellcasting
  8266 | D:7      | Noticed a yak
  8272 | D:7      | Killed a yak
  8272 | D:7      | Reached * piety under Sif Muna
  8272 | D:7      | Reached skill level 4 in Spellcasting
  8274 | D:7      | Noticed a yak
  8277 | D:7      | Noticed a yak
  8279 | D:7      | Noticed a yak
  8281 | D:7      | Killed a yak
  8318 | D:7      | Killed a yak
  8319 | D:7      | Killed a yak
  8319 | D:7      | Reached skill level 5 in Spellcasting
  8328 | D:7      | Killed a yak
  8430 | D:7      | Learned a level 4 spell: Summon Lightning Spire
  8535 | D:7      | Reached skill level 6 in Spellcasting
  8825 | D:8      | Noticed a kobold demonologist
  8827 | D:8      | Found a transporter.
  8831 | D:8      | Noticed a kobold demonologist
  8893 | D:8      | Reached XP level 9. HP: 57/57 MP: 18/18
  8900 | D:8      | Noticed a two-headed ogre
  8915 | D:8      | Killed a two-headed ogre
  8915 | D:8      | Reached ** piety under Sif Muna
  8915 | D:8      | Reached skill level 7 in Spellcasting
  9062 | D:8      | Reached skill level 8 in Spellcasting
  9120 | D:8      | Noticed a two-headed hydra
  9146 | D:8      | Killed a two-headed hydra
  9146 | D:8      | Reached skill level 9 in Spellcasting
  9310 | D:8      | Noticed Joseph
  9329 | D:8      | Killed Joseph
  9386 | D:8      | Found a transporter.
  9435 | D:8      | Noticed Erica
  9446 | D:8      | Killed Erica
  9446 | D:8      | Reached *** piety under Sif Muna
  9446 | D:8      | Reached skill level 10 in Spellcasting
  9446 | D:8      | Reached XP level 10. HP: 42/63 MP: 11/24
  9696 | D:8      | Noticed Maurice
  9707 | D:8      | Killed Maurice
  9918 | D:9      | Noticed a two-headed ogre
  9955 | D:9      | Killed a two-headed ogre
  9955 | D:9      | Reached skill level 11 in Spellcasting
 10098 | D:9      | Noticed a skeletal warrior
 10098 | D:9      | Noticed a skeletal warrior
 10123 | D:10     | Entered Level 10 of the Dungeon
 10151 | D:10     | Noticed Erolcha
 10167 | D:10     | Killed Erolcha
 10167 | D:10     | Reached skill level 1 in Fighting
 10167 | D:10     | Reached skill level 1 in Armour
 10531 | D:9      | Noticed a skeletal warrior
 10531 | D:9      | Noticed a skeletal warrior
 10541 | D:9      | Reached skill level 1 in Invocations
 10993 | D:9      | Found a shimmering altar of Xom.
 10993 | D:9      | Found a white marble altar of Elyvilon.
 11087 | D:9      | Learned a level 4 spell: Summon Ice Beast
 11090 | D:9      | Found a glowing silver altar of Zin.
 11090 | D:9      | Found a burning altar of Makhleb.
 11110 | D:9      | Noticed a green death
 11111 | D:9      | Noticed an angel
 11474 | D:10     | Noticed Harold
 11500 | D:10     | Killed Harold
 11578 | D:10     | Noticed Fannar
 11821 | D:10     | Killed Fannar
 12014 | D:10     | Noticed a gargoyle
 12047 | D:10     | Killed a gargoyle
 12229 | D:10     | Noticed Gastronok
 12254 | D:10     | Killed Gastronok
 12254 | D:10     | Reached XP level 11. HP: 58/77 MP: 21/26
 12722 | D:10     | Noticed Psyche
 12753 | D:10     | Killed Psyche
 12947 | D:10     | Reached **** piety under Sif Muna
 13055 | D:11     | Noticed a cyclops
 13077 | D:11     | Reached skill level 5 in Dodging
 13104 | D:11     | Killed a cyclops
 13348 | D:11     | Got a scorched fustibalus
 13349 | D:11     | Identified the +10 fustibalus of Resourcefulness {freeze, Str+3 Int+3 Stlth+} (You found it on level 11 of the Dungeon)
 13421 | D:11     | Noticed a red ugly thing
 13477 | D:11     | Killed a red ugly thing
 13477 | D:11     | Reached skill level 5 in Fighting
 13477 | D:11     | Reached skill level 5 in Armour
 13608 | D:11     | Noticed Nergalle
 13624 | D:11     | Killed Nergalle
 13805 | D:11     | Found a staircase to the Lair.
 13988 | D:12     | Found a portal to a secret trove of treasure.
 14068 | D:12     | Reached skill level 12 in Spellcasting
 14082 | D:12     | Noticed a manticore
 14092 | D:12     | Killed a manticore
 14353 | D:12     | Killed an unseen horror
 14373 | D:12     | Noticed a brown ugly thing
 14396 | D:12     | Killed a brown ugly thing
 15032 | D:12     | Found a staircase to the Orcish Mines.
 15040 | D:12     | Killed an unseen horror
 15330 | Lair:1   | Entered Level 1 of the Lair of Beasts
 15695 | Lair:1   | Noticed an oklob plant
 15743 | Lair:1   | Reached XP level 12. HP: 88/88 MP: 19/28
 16021 | Lair:1   | You fall through a shaft!
 16870 | Lair:2   | Noticed a five-headed hydra
 16882 | Lair:2   | Killed a five-headed hydra
 17122 | Lair:2   | Reached skill level 5 in Invocations
 17125 | Lair:2   | Found a hole to the Spider Nest.
 17192 | Lair:2   | Learned a level 3 spell: Conjure Flame
 17307 | Lair:2   | Reached ***** piety under Sif Muna
 17342 | Lair:2   | Reached skill level 1 in Conjurations
 17360 | Lair:2   | Identified Sif Muna's Almanac of the Creative Rocks (Sif Muna gifted it to you on level 2 of the Lair of Beasts)
 17360 | Lair:2   | Received a gift from Sif Muna
 17404 | Lair:2   | Learned a level 7 spell: Monstrous Menagerie
 18580 | Lair:3   | Noticed a six-headed hydra
 18586 | Lair:3   | Killed a six-headed hydra
 18739 | Lair:3   | Got a crystal long sword
 18746 | Lair:3   | Identified the +11 long sword "Ijenk" {freeze, rN+ Int+4} (You found it on level 3 of the Lair of Beasts)
 19756 | Lair:4   | Found a staircase to the Swamp.
 20521 | Lair:5   | Gained mutation: You can hop long distances. [Barachi growth]
 20521 | Lair:5   | Reached XP level 13. HP: 98/98 MP: 21/29
 21311 | Lair:5   | Found a staircase to the Slime Pits.
 21732 | Lair:6   | Entered Level 6 of the Lair of Beasts
 21949 | Lair:6   | Noticed Josephine
 21962 | Lair:6   | Killed Josephine
 21976 | Lair:6   | Reached skill level 13 in Spellcasting
 23533 | Lair:6   | Identified Sif Muna's Papyrus of Aerial Beguiling (Sif Muna gifted it to you on level 6 of the Lair of Beasts)
 23533 | Lair:6   | Received a gift from Sif Muna
 23756 | Lair:6   | Found the +5 robe of Night {Dark MR+ SInv}
 23766 | Lair:6   | Identified the Guide on Dusty Changing
 24295 | Orc:1    | Entered Level 1 of the Orcish Mines
 24685 | Orc:1    | Found a flagged portal.
 24691 | Bailey   | Entered a bailey
 25202 | Orc:2    | Entered Level 2 of the Orcish Mines
 25211 | Orc:2    | Found Zoiseif's Antique Armour Boutique.
 25211 | Orc:2    | Found a staircase to the Elven Halls.
 25344 | Orc:2    | Noticed an orc warlord
 25361 | Orc:2    | Killed an orc warlord
 25531 | Orc:2    | Found a roughly hewn altar of Beogh.
 25582 | Orc:2    | Reached XP level 14. HP: 97/106 MP: 28/31
 26467 | Orc:2    | Reached skill level 14 in Spellcasting
 26528 | Orc:2    | Found Udul Egi's Magic Scroll Boutique.
 26529 | Orc:2    | Found Utsi's Jewellery Shop.
 26596 | Orc:2    | Found Fetal's Distillery.
 26601 | Orc:2    | Found Zapo's Book Boutique.
 26627 | Orc:2    | Identified Sif Muna's Reference Book on Supportive Attacks (Sif Muna gifted it to you on level 2 of the Orcish Mines)
 26627 | Orc:2    | Received a gift from Sif Muna
 26650 | Orc:2    | Learned a level 5 spell: Summon Demon
 26655 | Orc:2    | Bought a scroll of teleportation for 39 gold pieces
 26655 | Orc:2    | Bought a scroll of teleportation for 39 gold pieces
 26655 | Orc:2    | Bought a scroll of blinking for 97 gold pieces
 26680 | Orc:2    | Bought the ring of Veschoru {rC+ rN+ Str+4} for 678 gold pieces
 26680 | Orc:2    | Bought an uncursed amulet of magic regeneration for 480 gold pieces
 28346 | D:13     | Found a gate to the Vaults.
 28600 | D:14     | Reached skill level 15 in Summonings
 29756 | D:14     | Found Zyfat's Jewellery Shop.
 29903 | D:15     | Entered Level 15 of the Dungeon
 30531 | D:15     | Found a hide-covered altar of Uskayaw.
 31119 | D:15     | Got an ichor-stained robe
 31120 | D:15     | Identified the +1 robe "Damnable Contraption" {Regen+ MP+9} (You found it on level 15 of the Dungeon)
 31634 | D:15     | Found a staircase to the Depths.
 31664 | D:15     | Learned a level 7 spell: Summon Hydra
 32277 | Swamp:1  | Entered Level 1 of the Swamp
 32367 | Swamp:1  | Identified Sif Muna's Compendium of Shape Shifting and Weightlessness (Sif Muna gifted it to you on level 1 of the Swamp)
 32367 | Swamp:1  | Received a gift from Sif Muna
 32469 | Swamp:1  | Noticed Quirk's ghost (adept GnFi)
 32794 | Swamp:1  | Reached skill level 15 in Spellcasting
 32925 | Swamp:1  | Reached skill level 1 in Shields
 33132 | Swamp:2  | Noticed tidbits's ghost (journeyman GnEE)
 33156 | Swamp:2  | Killed tidbits's ghost
 33322 | Swamp:2  | Reached XP level 15. HP: 77/112 MP: 33/34
 33827 | Swamp:2  | Noticed a thorn hunter
 33834 | Swamp:2  | Killed a thorn hunter
 34060 | Swamp:3  | Noticed a tentacled monstrosity
 34067 | Swamp:3  | Killed a tentacled monstrosity
 34794 | Swamp:3  | Paralysed by a hornet for 1 turns
 35066 | Swamp:4  | Entered Level 4 of the Swamp
 35567 | Swamp:4  | Noticed Mara
 35718 | Swamp:4  | Killed Mara
 35801 | Swamp:4  | Reached skill level 10 in Invocations
 35874 | Swamp:4  | Noticed Nikola
 36124 | Swamp:4  | Reached skill level 10 in Fighting
 36127 | Swamp:4  | Reached skill level 10 in Armour
 36571 | Swamp:4  | Reached skill level 5 in Shields
 36596 | Swamp:4  | Got a decaying rune of Zot
 36737 | Spider:1 | Entered Level 1 of the Spider Nest
 37704 | Spider:1 | Reached skill level 10 in Dodging
 37716 | Spider:1 | Received a gift from Sif Muna
 37813 | Spider:1 | Learned a level 6 spell: Shadow Creatures
 37819 | Spider:1 | Learned a level 5 spell: Summon Forest
 38332 | Spider:2 | Reached XP level 16. HP: 86/122 MP: 20/35
 38628 | Spider:2 | Reached skill level 16 in Spellcasting
 39714 | Spider:2 | Received a gift from Sif Muna
 40501 | Spider:4 | Entered Level 4 of the Spider Nest
 40507 | Spider:4 | Mangled by a spark wasp

Skill      XL: |  1  2  3  4  5  6  7  8  9 10 11 12 13 14 15 16 |
---------------+-------------------------------------------------+-----
Summonings     | 5 6 7 8 9 11 12 13 14 15 | 15.2
Spellcasting   | 6 10 11 12 13 15 16 | 16.4
Fighting       | 4 6 7 8 10 | 10.0
Armour         | 4 6 7 8 10 | 10.0
Invocations    | 3 4 5 7 9 10 | 10.0
Dodging        | 4 6 7 8 10 | 10.0
Conjurations   | 3 4 |  4.0
Shields        | 1 6 8 |  8.6
Stealth        | |  1.7

Action                   |  1- 3 |  4- 6 |  7- 9 | 10-12 | 13-15 | 16-18 || total
-------------------------+-------+-------+-------+-------+-------+-------++-------
Melee: Unarmed           |    22 |       |       |       |       |       ||    22
       Dagger            |    16 |       |       |       |       |       ||    16
       Halberd           |    57 |   158 |    96 |       |       |       ||   311
       Trident           |       |       |    27 |   107 |       |       ||   134
       Fustibalus        |       |       |       |     3 |       |       ||     3
       Long sword        |       |       |       |    27 |    30 |    24 ||    81
       Staff             |       |       |       |       |    46 |       ||    46
 Fire: Fustibalus        |       |       |       |   119 |       |       ||   119
 Cast: Summon Small Mamm |    32 |       |     2 |       |     2 |       ||    36
       Call Canine Famil |     7 |    29 |    38 |    93 |   117 |    13 ||   297
       Summon Lightning  |       |       |     8 |    81 |   328 |    28 ||   445
       Summon Ice Beast  |       |       |       |    56 |   182 |    11 ||   249
       Conjure Flame     |       |       |       |     1 |    18 |     3 ||    22
       Monstrous Menager |       |       |       |       |    56 |    16 ||    72
       Summon Demon      |       |       |       |       |    43 |     4 ||    47
       Summon Hydra      |       |       |       |       |     5 |     1 ||     6
       Summon Forest     |       |       |       |       |     2 |     9 ||    11
       Shadow Creatures  |       |       |       |       |     1 |       ||     1
Invok: Divine Energy     |       |       |     1 |       |     2 |       ||     3
       Stop Divine Energ |       |       |       |       |     2 |       ||     2
       Channel Magic     |       |       |       |       |     2 |       ||     2
 Abil: Hop               |       |     3 |     4 |    13 |    40 |     7 ||    67
Evoke: Wand              |       |    10 |     2 |     4 |       |     8 ||    24
  Use: Scroll            |       |       |    10 |    15 |    29 |     4 ||    58
       Potion            |       |       |     2 |     1 |     4 |     1 ||     8
 Stab: Distracted        |     1 |     1 |     2 |     1 |     2 |     1 ||     8
       Sleeping          |     4 |     6 |     1 |     1 |       |       ||    12
  Eat: Chunk             |     4 |    15 |     9 |    24 |    26 |     3 ||    81
       Ration            |       |       |     3 |     5 |    18 |     2 ||    28
Armor: Robe              |    29 |    55 |    31 |    22 |   137 |    53 ||   327
       Troll leather arm |       |       |       |    58 |       |       ||    58
Dodge: Dodged            |   103 |   145 |    81 |   153 |   349 |   125 ||   956
Block: Buckler           |       |       |       |       |    49 |    37 ||    86
       Rpst.: Long sword |       |       |       |     7 |    23 |    26 ||    56
